 Dungeon Crawl Stone Soup version 0.23.2-11-gf996548c65 (webtiles) character file.

Game seed: 10136982821069365909

9563 MatveyVolodchenko the Cleaver (level 11, -6/107 HPs)
             Began as a Hill Orc Fighter on June 6, 2019.
             Was a Priest of Beogh.
             Mangled by an orc warrior
             ... wielding a +0 glaive
              (21 damage)
             ... on level 10 of the Dungeon.
             The game lasted 00:45:27 (11000 turns).

MatveyVolodchenko the Cleaver (Hill Orc Fighter)   Turns: 11000, Time: 00:45:29

Health: -6/107     AC: 19    Str: 23    XL:     11   Next: 48%
Magic:  15/18      EV:  4    Int:  8    God:    Beogh [***...]
Gold:   584        SH:  9    Dex: 10    Spells: 10/10 levels left

rFire    . . .     SeeInvis .   a - +0 war axe
rCold    . . .     Gourm    .   c - +0 shield
rNeg     . . .     Faith    .   N - +0 plate armour
rPois    .         Spirit   .   (no helmet)
rElec    .         Reflect  .   b - scarf {repulsion}
rCorr    .         Harm     .   o - +0 pair of gloves
MR       .....                  F - +0 pair of boots
Stlth    ..........             (no amulet)
HPRegen  0.27/turn              e - ring of flight
MPRegen  0.16/turn              x - +5 ring of protection

@: repel missiles
A: no striking features
a: Smiting, Renounce Religion, Evoke Flight


You were on level 10 of the Dungeon.
You worshipped Beogh.
Beogh was most pleased with you.
You were hungry.

You visited 1 branch of the dungeon, and saw 10 of its levels.

You collected 584 gold pieces.

Inventory:

Hand Weapons
 a - a +0 war axe (weapon)
 j - a +0 mace
Armour
 b - a scarf of repulsion (worn)
 c - a +0 shield (worn)
 n - a +0 cloak
 o - a +0 pair of gloves (worn)
 t - a +0 chain mail
 F - a +0 pair of boots (worn)
 N - a +0 plate armour (worn)
Jewellery
 e - a ring of flight (left hand)
 x - a +5 ring of protection (right hand)
 B - an uncursed ring of fire {unknown}
 J - an uncursed amulet of guardian spirit {unknown}
 M - a +3 amulet of reflection {unknown}
Wands
 l - a wand of flame (11)
 A - a wand of acid (6)
 C - a wand of random effects (13)
 D - a wand of scattershot (7)
 E - a wand of paralysis (10)
 H - a wand of iceblast (4)
Scrolls
 g - a scroll of random uselessness {unknown}
 h - 3 scrolls of teleportation
 m - 5 scrolls of remove curse
 p - 2 scrolls of identify
 q - a scroll of enchant weapon {unknown}
 r - 4 scrolls of amnesia
 s - 2 scrolls of blinking {unknown}
 u - a scroll of noise {unknown}
 v - 2 scrolls of immolation
 y - 2 scrolls of fog {unknown}
 L - a scroll of enchant armour {unknown}
Potions
 d - 2 potions of might
 i - 3 potions of cancellation {unknown}
 k - 3 potions of agility
 w - 3 potions of curing {unknown}
 z - 3 potions of ambrosia {unknown}
 G - 3 potions of brilliance {unknown}
 I - a potion of heal wounds {unknown}
 K - a potion of flight {unknown}
Comestibles
 f - 17 rations


   Skills:
 * Level 13.1 Fighting
 * Level 14.2 Axes
 - Level 3.8 Armour
 - Level 0.3 Dodging
 - Level 4.1 Shields
 + Level 9.9 Invocations


You had 10 spell levels left.
You didn't know any spells.
Your spell library contained the following spells:

 Spells                   Type           Power        Failure   Level  Hunger
 Animate Skeleton         Necr           N/A          100%        1    ##.....
 Apportation              Tloc           #.....       100%        1    ##.....
 Confusing Touch          Hex            #.....       100%        1    ##.....
 Corona                   Hex            #......      100%        1    ##.....
 Flame Tongue             Conj/Fire      #....        100%        1    ##.....
 Summon Small Mammal      Summ           #...         100%        1    ##.....
 Ensorcelled Hibernation  Hex/Ice        #.....       100%        2    ###....
 Throw Flame              Conj/Fire      #.....       100%        2    ###....
 Confuse                  Hex            #.......     100%        3    ####...
 Conjure Flame            Conj/Fire      #.......     100%        3    ####...
 Dazzling Spray           Conj/Hex       #.....       100%        3    ####...
 Inner Flame              Hex/Fire       #.......     100%        3    ####...
 Tukima's Dance           Hex            #.......     100%        3    ####...
 Sticky Flame             Conj/Fire      #.......     100%        4    #####..
 Fireball                 Conj/Fire      #.........   100%        5    ######.


Dungeon Overview and Level Annotations

Branches:
Dungeon (10/15)            Temple (0/1) D:6            Lair (0/6) D:8
    Orc: D:9-12

Altars:
Cheibriados
Fedhas
Hepliaklqana
Makhleb
Okawaru
Trog
Uskayaw
Vehumet
Yredelemnul
Zin

Shops:
D:7 %   D:10 [

Annotations:
D:9 2 transporters, varg's ghost, novice OpTm


Message History

The orc warrior throws a tomahawk.
The tomahawk is repelled.
An orc comes into view. It is wielding a +0 whip.
The orc stares at you in amazement and kneels.
Orik hits the orc with a +0 hand axe!
The orc dies!
Beogh accepts your kill.
Orik hits the orc knight but does no damage.
Orik hits the orc knight with a +0 hand axe!
You see here a tomahawk.
Aiming: Smiting
Press: ? - help, Dir - move target cursor, f - orc knight Smite: an orc knight, wielding a +0 long sword and wearing a +0 chain mail (moderately wounded, unusually strong)
You smite the orc knight!
The orc knight is severely wounded.
The orc knight roars a battlecry!
The orc warrior goes into a battle-frenzy!
You block the orc knight's attack.
The orc warrior hits you from afar with a +0 glaive!!
You die...
Beogh appreciates the orc warrior's killing of a heretic priest.

.....P........÷.÷.....P.)........
≈≈≈≈≈≈≈≈≈≈≈≈≈≈≈≈≈≈≈≈≈≈≈≈≈≈≈≈≈≈≈≈≈
≈≈≈≈≈≈≈≈≈≈≈≈o≈≈≈≈≈≈≈≈≈≈≈≈≈≈≈≈≈≈≈≈
≈≈≈≈≈≈≈≈≈≈≈o≈≈≈≈≈≈≈≈≈≈≈≈≈≈#####≈≈
..........o...............#.).#≈≈
###########################...#≈≈
.![# /?.# ....#+###≈≈ #...
########....# #.≈≈≈
.#..).#o@.....o...# #.≈≈≈
...≈o.ooo.....#' #.≈≈≈
...≈≈).o......# #.≈≈≈
.#....#.......# #.≈≈≈
#'##################'# #.≈≈≈
#......)).)(((.......# #.≈≈≈
#......)#.)..#.†.....# #.≈≈≈
#.......#..)(#.......# #+###≈≈
##########''''#############...#≈≈


You could see 2 orc knights, 2 orc warriors, the friendly Orik the orc knight
and 2 friendly orcs.

Vanquished Creatures
  Erica (D:9)
  An orc knight (D:10)
  A komodo dragon (D:8)
  2 hippogriffs
  A wyvern (D:10)
  A shadow (D:9)
  5 yaks (D:9)
  7 wargs (D:10)
  Edmund (D:4)
  3 ice beasts
  A phantom (D:7)
  An orc warrior (D:10)
  A black bear (D:9)
  8 ogres
  3 centaurs
  7 bullfrogs
  4 scorpions
  11 killer bees
  4 wights (D:10)
  3 howler monkeys (D:9)
  A crimson imp (D:5)
  2 centaur zombies
  A bullfrog zombie (D:5)
  5 orc priests
  7 hounds
  2 jellies (D:5)
  An iron imp (D:6)
  3 bullfrog skeletons (D:9)
  3 centaur skeletons
  Terence (D:3)
  3 iguanas
  5 orc wizards
  4 worker ants
  A hound zombie (D:5)
  2 hound skeletons
  4 worker ant zombies
  7 adders
  A shadow imp (D:6)
  An ooze (D:3)
  An adder zombie (D:9)
  2 adder skeletons
  2 worms
  4 dart slugs
  2 leopard geckos (D:1)
  29 orcs
  4 bats
  6 giant cockroaches
  5 goblins
  6 hobgoblins
  16 jackals
  4 quokkas
  4 ball pythons
  3 frilled lizards
  10 kobolds
  2 leopard gecko skeletons
  A quokka skeleton (D:4)
  8 rats
  41 plants (D:8)
270 creatures vanquished.

Vanquished Creatures (collateral kills)
  A tengu warrior (D:10)
  An orc knight (D:10)
  A troll (D:10)
  A wraith (D:10)
  7 wargs (D:10)
  A big kobold (D:10)
  A killer bee (D:10)
  A wight (D:10)
  A jelly (D:10)
  An orc wizard (D:10)
  6 orcs (D:10)
22 creatures vanquished.

Vanquished Creatures (others)
  A wizard (D:10)
  An orc wizard (D:10)
  An orc priest (D:10)
  15 orcs (D:10)
  2 plants
20 creatures vanquished.

Grand Total: 312 creatures vanquished

Notes
Turn   | Place    | Note
-------+----------+-------------------------------------------
     0 | D:1      | MatveyVolodchenko the Hill Orc Fighter began the quest for
                  | the Orb.
     0 | D:1      | Reached XP level 1. HP: 19/19 MP: 1/1
    95 | D:1      | Reached XP level 2. HP: 25/27 MP: 2/2
   206 | D:1      | Reached skill level 3 in Axes
   311 | D:1      | Reached XP level 3. HP: 29/33 MP: 3/3
  1044 | D:2      | Reached XP level 4. HP: 10/40 MP: 4/4
  1443 | D:3      | Noticed Terence
  1454 | D:3      | Killed Terence
  1454 | D:3      | Reached skill level 4 in Axes
  1884 | D:3      | Became a worshipper of Beogh the Brigand
  1957 | D:3      | Found an iron altar of Okawaru.
  2016 | D:3      | Reached XP level 5. HP: 46/46 MP: 5/5
  2335 | D:4      | Found an iron altar of Okawaru.
  2374 | D:4      | Reached skill level 5 in Axes
  2374 | D:4      | Reached skill level 1 in Invocations
  2574 | D:4      | Reached XP level 6. HP: 55/55 MP: 7/7
  2759 | D:4      | Reached skill level 5 in Fighting
  2875 | D:4      | Reached * piety under Beogh
  3135 | D:4      | Noticed Edmund
  3148 | D:4      | Killed Edmund
  3148 | D:4      | Reached skill level 6 in Axes
  3258 | D:4      | Found a blossoming altar of Fedhas.
  3362 | D:4      | Reached XP level 7. HP: 16/62 MP: 7/9
  3667 | D:5      | Entered Level 5 of the Dungeon
  3787 | D:5      | Reached skill level 7 in Axes
  4149 | D:5      | You fall through a shaft for 3 floors!
  4239 | D:7      | Reached XP level 8. HP: 65/73 MP: 11/11
  4282 | D:6      | Reached ** piety under Beogh
  4282 | D:6      | Reached skill level 8 in Axes
  4489 | D:5      | Found a hazy altar of Hepliaklqana.
  4708 | D:6      | Found a staircase to the Ecumenical Temple.
  4795 | D:6      | Found a snail-covered altar of Cheibriados.
  4984 | D:6      | Reached skill level 5 in Invocations
  5312 | D:7      | Reached skill level 9 in Axes
  5401 | D:7      | Noticed a hippogriff
  5409 | D:7      | Killed a hippogriff
  5409 | D:7      | Reached XP level 9. HP: 70/82 MP: 13/13
  5463 | D:7      | Found Wemny's Food Boutique.
  5801 | D:7      | Found a glowing silver altar of Zin.
  5841 | D:7      | Reached skill level 10 in Axes
  6522 | D:8      | Found a hide-covered altar of Uskayaw.
  6522 | D:8      | Found a burning altar of Makhleb.
  6523 | D:8      | Found a basalt altar of Yredelemnul.
  6534 | D:8      | Found a staircase to the Lair.
  6536 | D:8      | Noticed a komodo dragon
  6557 | D:8      | Killed a komodo dragon
  6895 | D:8      | Reached skill level 10 in Fighting
  7466 | D:9      | Reached skill level 11 in Axes
  7532 | D:9      | Noticed Erica
  7549 | D:9      | Killed Erica
  7549 | D:9      | Reached XP level 10. HP: 78/94 MP: 10/15
  7959 | D:9      | Reached skill level 12 in Axes
  8788 | D:9      | Noticed a two-headed ogre
  8789 | D:9      | Found a transporter.
  8789 | D:9      | Noticed varg's ghost (novice OpTm)
  8793 | D:9      | Found a transporter.
  8793 | D:9      | Noticed a two-headed ogre
  9119 | D:9      | Found a radiant altar of Vehumet.
  9256 | D:9      | Reached skill level 13 in Axes
  9295 | D:10     | Entered Level 10 of the Dungeon
  9324 | D:10     | Reached *** piety under Beogh
  9377 | D:10     | Found a bloodstained altar of Trog.
  9508 | D:10     | Reached XP level 11. HP: 104/104 MP: 13/17
  9958 | D:10     | Found Ritesuj's Armour Boutique.
 10469 | D:10     | Noticed a tengu warrior
 10478 | D:10     | Killed a tengu warrior
 10478 | D:10     | Gained Orik as an ally
 10606 | D:10     | Noticed a wizard
 10611 | D:10     | Killed a wizard
 10722 | D:10     | Noticed an orc knight
 10727 | D:10     | Noticed an orc knight
 10740 | D:10     | Killed an orc knight
 10740 | D:10     | Reached skill level 14 in Axes
 10746 | D:10     | Killed an orc knight
 10985 | D:10     | Noticed an orc knight
 10987 | D:10     | Noticed an orc knight
 11000 | D:10     | Mangled by an orc warrior

Skill      XL: |  1  2  3  4  5  6  7  8  9 10 11 |
---------------+----------------------------------+-----
Axes           | 3 4 5 6 7 9 11 13 14 | 14.2
Fighting       | 4 5 7 8 10 12 13 | 13.1
Shields        | 4 |  4.1
Invocations    | 1 3 4 5 7 9 |  9.9
Armour         | |  3.8
Dodging        | |  0.3

Action                   |  1- 3 |  4- 6 |  7- 9 | 10-12 || total
-------------------------+-------+-------+-------+-------++-------
Melee: War axe           |   111 |   179 |   595 |   379 ||  1264
Invok: Convert to Beogh  |       |     1 |       |       ||     1
       Smiting           |       |       |     8 |     6 ||    14
Evoke: Wand              |       |     3 |     4 |     1 ||     8
  Use: Scroll            |       |       |     5 |     2 ||     7
 Stab: Distracted        |       |       |       |     3 ||     3
  Eat: Chunk             |       |     5 |     8 |     7 ||    20
       Ration            |       |     1 |     2 |     1 ||     4
Armor: Scale mail        |    77 |    15 |       |       ||    92
       Chain mail        |       |    68 |   158 |   146 ||   372
       Plate armour      |       |       |       |     6 ||     6
Dodge: Dodged            |    37 |    41 |    76 |    78 ||   232
       Deflected         |       |       |     2 |     4 ||     6
Block: Shield            |    77 |    92 |   163 |   181 ||   513
